AoeStats
← Pichichi Naranja

Black Forest

504728451Analyzed
4v4 RM · 25d ago on Sep 6, 2026· 73m 23s· 8 players
Game mode
Random Map
Map size
Large (8 player)
Population
200
Speed
Normal
Resources
Standard
Victory
Conquest
Starting age
Dark Age
Ending age
Imperial Age
RankedLock teamsTeams togetherTeam positionsShared explorationLock speedFull tech treeHidden civsTurbo modeCheats
Victory
Defeat
🇯🇵 Hindustanis · Japan
906
+15
🇦🇷 Teutons · Argentina
901
+15
🇹🇷 Franks · Türkiye
879
+16
🇦🇷 Slavs · Argentina
862
+17
🇹🇷 Byzantines · Türkiye
926
-17
🇹🇷 Aztecs · Türkiye
886
-16
🇹🇼 Persians · Taiwan
867
-15
🇨🇳 Goths · China
865
-15
Pichichi Naranja
12:17 Feudal Age
13:43 Double-Bit Axe
17:34 Castle Age
15:28 Horse Collar
15:56 Stone Mining
16:02 Loom
18:30 Bow Saw
21:53 Heavy Plow
24:50 Wheelbarrow
24:03 Loom
26:03 Scale Mail Armor
26:41 Ironclad
27:31 Hand Cart
28:27 Masonry
28:47 Town Watch
30:13 Forging
30:19 Chain Mail Armor
30:45 Town Patrol
33:41 Imperial Age
33:30 Iron Casting
33:28 Squires
33:27 Arson
34:05 Capped Ram
35:49 Fortified Wall
35:13 Pikeman
37:13 Blast Furnace
36:44 Plate Mail Armor
35:38 Elite Teutonic Knight
39:15 Halberdier
42:17 Chemistry
44:20 Crop Rotation
46:53 Padded Archer Armor
46:44 Fletching
jisai
1:48 Loom
10:16 Feudal Age
17:00 Castle Age
15:27 Double-Bit Axe
15:25 Horse Collar
17:01 Gold Mining
22:15 Squires
22:50 Town Watch
25:15 Forging
25:26 Stone Mining
26:02 Husbandry
27:39 Wheelbarrow
27:18 Bow Saw
29:22 Gold Shaft Mining
29:54 Stone Shaft Mining
29:32 Heavy Plow
30:28 Grand Trunk Road
30:56 Hand Cart
31:22 Town Patrol
32:03 Bloodlines
32:05 Scale Barding Armor
33:04 Ballistics
32:40 Murder Holes
32:56 Fortified Wall
32:57 Masonry
34:29 Chain Barding Armor
34:45 Iron Casting
36:44 Imperial Age
34:07 Pikeman
34:34 Arson
36:01 Thumb Ring
35:16 Elite Skirmisher
35:51 Guard Tower
37:03 Heavy Camel Rider
37:04 Light Cavalry
39:52 Chemistry
38:58 Siege Engineers
39:05 Imperial Camel Rider
39:11 Hussar
43:23 Blast Furnace
44:06 Two-Man Saw
44:29 Conscription
44:35 Conscription
44:16 Shatagni
44:51 Hoardings
43:37 Elite Ghulam
44:58 Plate Barding Armor
44:25 Padded Archer Armor
44:18 Fletching
44:34 Scale Mail Armor
46:36 Leather Archer Armor
46:38 Chain Mail Armor
46:36 Careening
46:37 Clinker Construction
48:50 Bodkin Arrow
49:29 Ring Archer Armor
49:08 Caravan
49:39 Coinage
57:53 Bracer
yeniçeri
0:29 Loom
13:08 Feudal Age
17:24 Castle Age
15:18 Double-Bit Axe
16:54 Gold Mining
18:31 Bow Saw
19:00 Gold Shaft Mining
19:02 Wheelbarrow
18:43 Stone Mining
22:54 Hand Cart
22:25 Town Watch
26:00 Husbandry
38:10 Imperial Age
35:41 Town Patrol
36:38 Padded Archer Armor
36:29 Fletching
36:50 Forging
36:40 Scale Mail Armor
37:52 Masonry
38:03 Ballistics
38:20 Cavalier
39:12 Scale Barding Armor
40:21 Leather Archer Armor
40:02 Bodkin Arrow
41:15 Chain Barding Armor
41:10 Chain Mail Armor
42:36 Chemistry
44:56 Architecture
44:32 Siege Engineers
45:05 Plate Barding Armor
44:46 Chain Mail Armor
45:09 Iron Casting
44:29 Bodkin Arrow
44:33 Guard Tower
44:29 Arrowslits
45:04 Chivalry
45:25 Conscription
45:33 Squires
44:56 Pikeman
45:42 Caravan
47:50 #83
46:51 Elite Throwing Axeman
48:06 Hoardings
48:01 Paladin
50:15 Halberdier
50:18 Elite Skirmisher
63:32 Plate Mail Armor
64:02 Blast Furnace
63:19 Fortified Wall
62:57 Arrowslits
63:17 Siphons
63:22 Clinker Construction
Calche
2:48 Loom
19:05 Feudal Age
20:11 Horse Collar
22:41 Double-Bit Axe
25:45 Stone Mining
25:53 Gold Mining
34:12 Castle Age
35:46 Heavy Plow
36:00 Bow Saw
40:47 Gold Shaft Mining
41:32 Scale Barding Armor
41:38 Forging
41:29 Scale Mail Armor
42:58 Pikeman
43:39 Squires
44:53 Chain Barding Armor
45:09 Iron Casting
44:50 Chain Mail Armor
45:37 Wheelbarrow
47:11 Hand Cart
47:17 Hand Cart
53:05 Imperial Age
53:44 Halberdier
55:30 Blast Furnace
55:01 Plate Mail Armor
55:06 Plate Barding Armor
55:02 Caravan
55:57 Crop Rotation
56:31 Two-Man Saw
58:03 Conscription
57:44 Druzhina
59:13 Elite Boyar
59:51 Heavy Scorpion
64:08 Chemistry
64:47 Murder Holes
Marlboro
10:58 Feudal Age
11:30 Double-Bit Axe
16:26 Castle Age
15:11 Stone Mining
15:13 Horse Collar
15:35 Gold Mining
25:16 Wheelbarrow
24:49 Heavy Plow
27:15 Kamandaran
29:49 Imperial Age
28:24 Forging
28:07 Fletching
28:47 Bow Saw
28:44 Scale Barding Armor
29:04 Kamandaran
30:01 Iron Casting
29:50 Ballistics
30:56 Crossbowman
31:42 Thumb Ring
32:49 Cavalier
33:29 Husbandry
33:40 Bloodlines
34:55 Gold Shaft Mining
35:44 Crop Rotation
36:16 Two-Man Saw
35:12 Light Cavalry
36:39 Masonry
36:51 Chain Barding Armor
37:32 Blast Furnace
36:28 Bodkin Arrow
36:51 Hussar
39:06 Plate Barding Armor
39:04 Architecture
41:24 Hand Cart
41:32 Pikeman
41:57 Gambesons
42:13 Squires
41:58 Arson
42:42 Halberdier
49:05 Chemistry
48:14 Savar
Çerkes
14:04 Feudal Age
14:52 Double-Bit Axe
14:51 Horse Collar
16:58 Forging
21:27 Castle Age
19:33 Man-at-Arms
21:06 Scale Barding Armor
22:25 Wheelbarrow
22:22 Gambesons
22:37 Squires
22:33 Long Swordsman
24:18 Bow Saw
25:02 Arson
26:54 Scale Mail Armor
27:40 Hand Cart
27:43 Loom
29:09 Heavy Plow
30:57 Caravan
31:27 Coinage
32:29 Chain Mail Armor
32:50 Iron Casting
32:37 Chain Barding Armor
38:54 Imperial Age
39:42 Husbandry
39:20 Pikeman
41:31 Conscription
42:25 Gold Mining
43:48 Logistica
43:43 Halberdier
45:58 Onager
46:09 Elite Cataphract
48:21 Plate Mail Armor
48:26 Plate Barding Armor
53:09 Capped Ram
55:03 Banking
54:44 Guilds
59:59 Crop Rotation
60:33 Two-Man Saw
小宝贝
0:29 Loom
15:31 Feudal Age
16:04 Man-at-Arms
17:03 Double-Bit Axe
20:40 Fletching
23:50 Scale Mail Armor
25:18 Forging
D
13:47 Feudal Age
14:13 Horse Collar
14:28 Gold Mining
16:11 Double-Bit Axe
23:37 Scale Mail Armor
23:48 Forging
26:38 Castle Age
24:40 Arson
28:00 Wheelbarrow
27:38 Bow Saw
27:28 Stone Mining
28:18 Squires
28:42 Chain Mail Armor
32:06 Iron Casting
32:11 Hand Cart
40:24 Imperial Age
37:24 Eagle Warrior
44:43 Blast Furnace
44:14 Plate Mail Armor
46:22 Chemistry
45:56 Fortified Wall
46:48 Garland Wars
47:02 Elite Eagle Warrior
50:40 Elite Jaguar Warrior
Connection lost

Rejoining the realm…

Still unreachable

The connection could not be restored.

Session expired

The server has moved on; the page needs a fresh start.